 Dungeon Crawl Stone Soup version 0.31-a0-202-g547052bce9 (webtiles) character file.

Game seed: 17210630573567592297

19306 Dylgear the Cleaver (level 13, -3/97 HPs)
             Began as a Formicid Fighter on June 26, 2023.
             Was a Priest of Wu Jian.
             Killed from afar by a frost giant (22 damage)
             ... with a bolt of cold
             ... on level 13 of the Dungeon.
             The game lasted 00:51:09 (13428 turns).

Dylgear the Cleaver (Formicid Fighter)             Turns: 13428, Time: 00:51:10

Health: -3/97      AC: 26    Str: 22    XL:     13   Next: 3%
Magic:  13/13      EV: 23    Int: 10    God:    Wu Jian [***...]
Gold:   713        SH:  7    Dex: 15    Spells: 12/12 levels left

rFire   + . .        a - +1 war axe (heavy)
rCold   + . .        J - +0 buckler {reflect}
rNeg    . . .        A - +4 plate armour
rPois   +            (helmet unavailable)
rElec   +            b - scarf {repulsion}
rCorr   +            (no gloves)
SInv    +            i - +2 pair of boots
Will    +....        m - amulet of the acrobat Stlth
                     j - +4 ring of protection
HPRegen 0.36/turn    I - ring of poison resistance
MPRegen 0.13/turn

%: repel missiles, reflection, acrobat
@: resistant, acrobatic
A: permanent stasis, dig shafts and tunnels, antennae 3, four strong arms
a: Dig, Shaft Self, Renounce Religion, Wall Jump, Serpent's Lash


You were on level 13 of the Dungeon.
You worshipped Wu Jian.
Wu Jian was most pleased with you.
You visited 2 branches of the dungeon, and saw 14 of its levels.

You collected 713 gold pieces.

Inventory:

Hand Weapons
 a - a +1 heavy war axe (weapon)
 x - a +2 dire flail of protection
 B - a +1 hand axe of flaming
 D - a +4 scimitar of flaming
Missiles
 p - 5 silver javelins
 t - 9 boomerangs
 v - a throwing net
Armour
 b - a scarf of repulsion (worn)
 c - +0 storm dragon scales
 i - a +2 pair of boots (worn)
 w - a +0 cloak
 A - a +4 plate armour (worn)
 G - a +2 buckler
 J - a +0 buckler of reflection (worn)
Jewellery
 j - a +4 ring of protection (left hand)
 k - an amulet of guardian spirit
 m - an amulet of the acrobat (around neck)
 I - a ring of poison resistance (right hand)
Wands
 d - a wand of paralysis (8)
 l - a wand of flame (19)
 r - a wand of mindburst (10)
 y - a wand of quicksilver (15)
 z - a wand of polymorph (4)
 E - a wand of digging (9)
Potions
 e - 5 potions of enlightenment
 f - 3 potions of resistance
 g - 2 potions of invisibility
 h - 7 potions of curing
 n - 2 potions of brilliance
 o - a potion of magic
 q - 4 potions of mutation
 s - a potion of lignification {unknown}
 u - a potion of cancellation {unknown}
 C - a potion of berserk rage {unknown}
 F - a potion of haste {unknown}
 H - a potion of might


   Skills:
 + Level 7.6 Fighting
 * Level 14.1 Axes
 * Level 11.4 Armour
 + Level 2.7 Dodging
 + Level 1.5 Stealth
 * Level 12.2 Shields
 + Level 0.2 Evocations


You had 12 spell levels left.
You didn't know any spells.
Your spell library contained the following spells:

 Spells                   Type           Power      Damage    Failure   Level
 Beastly Appendage        Tmut           0%         N/A       99%         1
 Wereblood                Tmut           0%         N/A       100%        2
 Dazzling Flash           Conj/Hex       0%         N/A       100%        3
 Spider Form              Tmut/Pois      0%         N/A       100%        3
 Animate Dead             Necr           0%         N/A       100%        4
 Olgreb's Toxic Radiance  Pois           0%         N/A       100%        4
 Agony                    Necr           0%         N/A       100%        5
 Borgnjor's Vile Clutch   Necr/Erth      0%         N/A       100%        5
 Silence                  Hex/Air        0%         N/A       100%        5
 Death Channel            Necr           0%         N/A       100%        6
 Discord                  Hex            0%         N/A       100%        8
 Ignition                 Fire           0%         3d3       100%        8


Dungeon Overview and Level Annotations

Branches:
Dungeon (13/15)            Temple (1/1) D:6            Lair (0/5) D:11
    Orc (0/2) D:12
 Vaults: D:13-14

Altars:
Ashenzari
Cheibriados
Dithmenos
Elyvilon
Fedhas
Gozag
Hepliaklqana
Kikubaaqudgha
Makhleb
Nemelex Xobeh
Okawaru
Qazlal
Ru
Sif Muna
Trog
Uskayaw
Vehumet
Wu Jian
Xom
Yredelemnul
Zin
The Shining One

Shops:
D:1 [


Innate Abilities, Weirdness & Mutations

You cannot be hasted, slowed, berserked, paralysed or teleported.
You can dig through walls and to a lower floor.
You have a pair of large antennae on your head. (SInv)
Your four strong arms can wield two-handed weapons with a shield.


Message History

There is an open door here.
You now have 713 gold pieces (gained 13).
You open the door.
There is an open door here.
A tengu reaver comes into view. It is wielding a +1 great mace.
Found a scroll of immolation.
The tengu reaver shouts!
You hear a shout! x2; You hear two shouts!
A frost giant comes into view.
It is wielding a +2 battleaxe of freezing.
Found a runed scale mail.
A komodo dragon comes into view.
An ettin comes into view. It is wielding two +0 dire flails.
An orb spider comes into view.
The frost giant points at you and mumbles some strange words.
The bolt of cold hits you!!! The frost giant casts a spell at you.
The bolt of cold misses you. The tengu reaver casts a spell at you.
The bolt of lightning hits you!!!
* * * LOW HITPOINT WARNING * * *
Okay, then.
There is an open door here.
You close the door.
You aren't carrying any scrolls.
Okay, then.
You feel protected.
Something unseen breaks down the door.
The tengu reaver gestures at you while chanting.
The bolt of poison hits you.
You are poisoned.
You resist.
* * * LOW HITPOINT WARNING * * *
* * * LOW HITPOINT WARNING * * *
You feel very sick.
You feel better.
The frost giant points at you and mumbles some strange words.
The bolt of cold hits you but does no damage.
You resist.
The frost giant points at you and mumbles some strange words.
The bolt of cold hits you!! You resist.
You die...

.....# #############+#
###### #.# ###+##### #.#
#........ #.# #........
#######
########.###........
......#
.........QC'........
......+
#####..C###.{......
......# ###...###
#...{Q... ......#
#.@.### #....{...
...)..# ###.###
#...C.... ......# ##...#
#........ ####'##
###..### ######### ##..#
#...## ##..##
###'############# #
...#####...............#
#####..'..........<....#
..###.##...............#


You could see a frost giant, a tengu reaver and an ettin.

Vanquished Creatures
  A centaur warrior (D:11)
  2 two-headed ogres
  Erica (D:8)
  2 boulder beetles (D:12)
  4 skeletal warriors (D:13)
  A cyclops (D:12)
  2 ugly things
  A manticore (D:12)
  A salamander (shapeshifter) (D:13)
  3 gargoyles
  Psyche (D:8)
  A tengu conjurer (D:13)
  5 trolls
  2 hornets (D:9)
  Prince Ribbit (D:8)
  A wyvern (D:10)
  13 yaks (D:9)
  4 vampire mosquitoes (D:11)
  A basilisk (D:13)
  A steam dragon (D:9)
  Grum (D:10)
  Edmund (D:6)
  An acid dragon (D:13)
  2 water moccasins (D:8)
  3 ice beasts
  An orc warrior (D:7)
  6 wolves (D:10)
  4 ogres
  A phantom (D:5)
  14 centaurs
  2 kobold brigands
  4 bullfrogs
  3 gnoll sergeants
  2 scorpions
  11 killer bees
  3 howler monkeys
  3 electric eels (D:11)
  10 hounds
  6 orc priests
  A sleepcap (D:8)
  A gnoll bouda (D:7)
  2 jellies
  Jessica (D:2)
  Natasha (thrice) (D:3)
  4 iguanas
  16 orc wizards
  A statue (D:12)
  18 gnolls
  5 adders
  3 white imps
  2 worms (D:3)
  4 dart slugs
  40 orcs
  5 endoplasms
  5 giant cockroaches
  10 goblins
  7 hobgoblins
  11 jackals
  17 kobolds
  4 quokkas
  9 ball pythons
  6 bats
  A frilled lizard (D:3)
  5 rats
307 creatures vanquished.

Vanquished Creatures (others)
  A centaur (D:11)
1 creature vanquished.

Grand Total: 308 creatures vanquished

Notes
Turn   | Place    | Note
-------+----------+-------------------------------------------
     0 | D:1      | Dylgear the Formicid Fighter began the quest for the Orb.
     0 | D:1      | Reached XP level 1. HP: 18/18 MP: 1/1
    20 | D:1      | Reached XP level 2. HP: 22/24 MP: 2/2
   105 | D:1      | Found Leklopp's Armour Boutique.
   218 | D:1      | Reached XP level 3. HP: 28/29 MP: 3/3
   740 | D:2      | Reached XP level 4. HP: 34/35 MP: 4/4
   781 | D:2      | Reached skill level 3 in Axes
   838 | D:2      | Noticed Jessica
   844 | D:2      | Killed Jessica
   845 | D:2      | Reached XP level 5. HP: 38/41 MP: 2/5
  1017 | D:2      | Identified the +2 dagger of Terra Cotta {freeze, *Corrode
                  | rF+ rC+}
  1833 | D:3      | Reached skill level 4 in Axes
  1835 | D:3      | Noticed Natasha
  1844 | D:3      | Killed Natasha
  1986 | D:3      | Noticed Natasha
  2005 | D:3      | Killed Natasha
  2006 | D:3      | Reached XP level 6. HP: 31/48 MP: 3/6
  2098 | D:4      | Reached skill level 5 in Shields
  2376 | D:3      | Noticed Natasha
  2381 | D:3      | Killed Natasha
  2546 | D:4      | Found an opulent altar of Gozag.
  2723 | D:4      | Reached skill level 5 in Axes
  2951 | D:5      | Entered Level 5 of the Dungeon
  2951 | D:5      | Noticed an ogre
  2951 | D:5      | Noticed an ogre
  2959 | D:4      | Killed an ogre
  2960 | D:4      | Reached XP level 7. HP: 34/53 MP: 4/7
  3326 | D:5      | Reached skill level 6 in Axes
  3334 | D:5      | Reached skill level 1 in Dodging
  3456 | D:5      | Reached skill level 5 in Armour
  3492 | D:5      | Reached XP level 8. HP: 60/60 MP: 8/8
  3721 | D:5      | Reached skill level 7 in Axes
  4419 | D:6      | Reached skill level 8 in Axes
  4635 | D:6      | Found a staircase to the Ecumenical Temple.
  4642 | D:6      | Reached XP level 9. HP: 62/66 MP: 7/9
  4647 | Temple   | Entered the Ecumenical Temple
  4692 | Temple   | Became a worshipper of the Wu Jian Council
  4713 | D:6      | Noticed Edmund
  4730 | D:6      | Killed Edmund
  5280 | D:7      | Found a shimmering altar of Xom.
  5433 | D:7      | Reached skill level 9 in Axes
  5545 | D:7      | Reached skill level 5 in Fighting
  6032 | D:7      | Reached * piety under Wu Jian
  6414 | D:8      | Reached XP level 10. HP: 69/74 MP: 10/10
  6462 | D:8      | Noticed Erica
  6471 | D:8      | Killed Erica
  6472 | D:8      | Reached skill level 10 in Axes
  6829 | D:8      | Reached ** piety under Wu Jian
  7053 | D:8      | Noticed Prince Ribbit
  7072 | D:8      | Killed Prince Ribbit
  7324 | D:8      | Noticed Psyche
  7339 | D:8      | Killed Psyche
  7340 | D:8      | Reached skill level 11 in Axes
  8030 | D:9      | Reached XP level 11. HP: 81/81 MP: 11/11
  8659 | D:9      | Reached skill level 1 in Stealth
  8670 | D:9      | Reached skill level 12 in Axes
  8796 | D:9      | Found an iron altar of Okawaru.
  9206 | D:10     | Entered Level 10 of the Dungeon
  9327 | D:10     | Noticed a two-headed ogre
  9349 | D:9      | Killed a two-headed ogre
  9618 | D:10     | Found a burning altar of Makhleb.
  9709 | D:10     | Found a glowing golden altar of the Shining One.
  9709 | D:10     | Found a bloodstained altar of Trog.
  9737 | D:10     | Noticed Grum
  9743 | D:10     | Killed Grum
  9748 | D:10     | Reached skill level 10 in Shields
  9766 | D:10     | Reached *** piety under Wu Jian
  9981 | D:10     | Found a hide-covered altar of Uskayaw.
 10478 | D:11     | Found a staircase to the Lair.
 10591 | D:11     | Noticed a two-headed ogre
 10764 | D:11     | Reached skill level 10 in Armour
 10764 | D:11     | Noticed a centaur warrior
 10775 | D:11     | Killed a centaur warrior
 10776 | D:11     | Reached XP level 12. HP: 70/89 MP: 9/12
 10854 | D:11     | Killed a two-headed ogre
 11283 | D:11     | Reached skill level 13 in Axes
 11826 | D:12     | Found a staircase to the Orcish Mines.
 11886 | D:12     | Found a radiant altar of Vehumet.
 12092 | D:12     | Noticed a boulder beetle
 12108 | D:12     | Killed a boulder beetle
 12191 | D:12     | Identified the +3 robe "Keann" {Will+ Str+2 Stlth+}
 12327 | D:12     | Noticed a boulder beetle
 12346 | D:12     | Killed a boulder beetle
 12898 | D:13     | Noticed a skeletal warrior
 12898 | D:13     | Noticed a skeletal warrior
 12898 | D:13     | Noticed a skeletal warrior
 12924 | D:13     | Killed a skeletal warrior
 12935 | D:13     | Killed a skeletal warrior
 12947 | D:13     | Killed a skeletal warrior
 13124 | D:13     | Noticed a skeletal warrior
 13134 | D:13     | Killed a skeletal warrior
 13135 | D:13     | Reached skill level 14 in Axes
 13230 | D:13     | Reached XP level 13. HP: 61/96 MP: 13/13
 13404 | D:13     | Noticed a tengu reaver
 13404 | D:13     | Noticed a frost giant
 13406 | D:13     | Noticed an ettin
 13428 | D:13     | Killed from afar by a frost giant

Illustrated notes

Levels and vault maps discovered:
D:1:      reono_arrival_mine, layout_rooms, serial_shops,
          nicolae_shop_peninsula, nicolae_eternal_life
D:2:      layout_rooms, serial_park_tiny_pond, uniq_jessica
D:3:      kennysheep_big_flooded_room, layout_rooms, uniq_natasha
D:4:      layout_gridville, mainiacjoe_overflow_paths
D:5:      layout_basic, hangedman_abyss_or_decor_lesser_grid,
          minmay_quadrilaterals
D:6:      layout_rooms, minmay_temple_entry_statues_pillars, uniq_edmund
D:7:      layout_gridville, xom_teletrap_fun, minivault_25
D:8:      layout_cave_pods, uniq_prince_ribbit1, uniq_psyche, uniq_erica
D:9:      layout_basic, kennysheep_okawaru_gauntlet
D:10:     layout_loops_ring, nicolae_overflow_crystal_walls,
          nicolae_uskayaw_dance_hall, grunt_temple_overflow_open,
          enter_bailey_3, uniq_grum
D:11:     layout_loops_ring, erik_lair_island
D:12:     layout_stronghold, david_orc_2, vehumet_statue
D:13:     layout_roguey, david_vaults_4, minmay_radiant
Temple:   hellmonk_temple_of_storms

Skill      XL: |  1  2  3  4  5  6  7  8  9 10 11 12 |
---------------+-------------------------------------+-----
Axes           | 3 4 5 6 8 9 11 12 14 | 14.1
Armour         | 4 5 6 8 10 11 | 11.4
Shields        | 5 6 7 8 10 12 | 12.2
Fighting       | 4 5 6 7 |  7.6
Dodging        | 1 2 |  2.7
Stealth        | 1 |  1.5
Evocations     | |  0.2

Action                     |  1- 3 |  4- 6 |  7- 9 | 10-12 | 13-15 || total
---------------------------+-------+-------+-------+-------+-------++-------
  Melee: War axe           |    89 |   137 |   229 |   458 |     5 ||   918
Ability: Dig               |     1 |     1 |       |     1 |       ||     3
         Lunge             |       |       |     6 |    15 |       ||    21
         Whirlwind         |       |       |       |    58 |       ||    58
         Wall Jump         |       |       |       |    13 |       ||    13
  Evoke: Wand              |       |       |       |     3 |       ||     3
    Use: Scroll            |       |     8 |     6 |    11 |       ||    25
         Potion            |       |     1 |       |     2 |     2 ||     5
   Stab: Held in net/web   |       |       |     1 |       |       ||     1
 Armour: Scale mail        |    47 |    78 |    58 |       |       ||   183
         Chain mail        |       |       |    99 |     4 |       ||   103
         Plate armour      |       |       |       |   349 |     4 ||   353
         Skin              |       |       |       |     2 |       ||     2
  Dodge: Dodged            |    42 |    64 |   163 |   171 |     2 ||   442
         Repelled          |       |       |     2 |     3 |       ||     5
  Block: Buckler           |    28 |    34 |    93 |   205 |       ||   360
         Reflection        |       |       |       |     1 |       ||     1

Table legend: (Time is in decaauts)
 A = Elapsed time spent in this place.
 B = Non-inter-level travel time spent in this place.
 C = Inter-level travel time spent in this place.
 D = Time resting spent in this place.
 E = Time spent auto-exploring this place.
 F = Levels seen in this place.
 G = Mean time per level.
                   A        B        C        D        E       F      G
               +--------+--------+--------+--------+--------+-----+--------+
         Total |  13784 |  12783 |   1001 |   2759 |   5983 |  14 |  984.6 |
       Dungeon |  13727 |  12726 |   1001 |   2759 |   5953 |  13 | 1055.9 |
        Temple |     57 |     57 |      0 |      0 |     30 |   1 |   57.0 |
               +--------+--------+--------+--------+--------+-----+--------+

Top non-repeatable levels by time:
     D:9: 1671 daAuts
     D:8: 1509 daAuts
     D:7: 1221 daAuts
     D:5: 1200 daAuts
    D:12: 1176 daAuts
    D:10: 1134 daAuts
    D:11: 1011 daAuts
     D:6: 973 daAuts
     D:3: 882 daAuts
     D:4: 786 daAuts
     D:1: 784 daAuts
     D:2: 731 daAuts
    D:13: 642 daAuts
  Temple: 57 daAuts
